 Dungeon Crawl Stone Soup version 0.28.0-53-g5a82cb258f (webtiles) character file.

Game seed: 14961108826254816793

17 mcbry74 the Skirmisher (level 2, 19/27 HPs)
             Began as a Hill Orc Fighter on July 14, 2022.
             Was a Follower of Cheibriados.
             Quit the game on level 1 of the Dungeon.
             The game lasted 00:01:13 (455 turns).

mcbry74 the Skirmisher (Hill Orc Fighter)            Turns: 455, Time: 00:01:13

Health: 19/27      AC:  8    Str: 21    XL:     2   Next: 62%
Magic:  2/2        EV:  9    Int: 11    God:    Cheibriados [*.....]
Gold:   24         SH:  5    Dex: 13    Spells: 1/1 levels left

rFire   . . .      SeeInvis .   a - +0 war axe
rCold   . . .      Faith    .   c - +0 buckler
rNeg    . . .      Spirit   .   b - +0 scale mail
rPois   .          Reflect  .   f - +0 helmet
rElec   .          Harm     .   (no cloak)
rCorr   .          Rampage  .   (no gloves)
Will    .....                   (no boots)
Stlth   ..........              (no amulet)
HPRegen 0.09/turn               (no ring)
MPRegen 0.08/turn               (no ring)

@: very slow
A: no striking features
a: Renounce Religion, Bend Time


You were on level 1 of the Dungeon.
You worshipped Cheibriados.
Cheibriados was aware of your devotion.
You visited 1 branch of the dungeon, and saw 1 of its levels.

You collected 24 gold pieces.

Inventory:

Hand Weapons
 a - a +0 war axe (weapon)
Armour
 b - a +0 scale mail (worn)
 c - a +0 buckler (worn)
 f - a +0 helmet (worn)
Scrolls
 e - a scroll of amnesia {unknown}
Potions
 d - a potion of might


   Skills:
 + Level 3.8 Fighting
 * Level 3.4 Axes
 + Level 3.5 Armour
 + Level 3.5 Shields


You had one spell level left.
You didn't know any spells.
Your spell library was empty.

Dungeon Overview and Level Annotations

Branches:
Dungeon (1/15)

Altars:
Cheibriados


Message History

The jackal bites you but does no damage.
The jackal bites you.
You closely miss the jackal. The jackal completely misses you.
The jackal bites you.
You closely miss the jackal.
The jackal bites you but does no damage. x2
You barely miss the jackal. The jackal bites you.
You hit the jackal.
You kill the jackal!
Cheibriados appreciates the change of pace.
You start resting.
A jackal comes into view.
A jackal is nearby!
Unknown command.
Unknown command.
The jackal barks!
You hear a bark! x2
A jackal comes into view.
A jackal comes into view.
The jackal bites you but does no damage.
There are monsters nearby!
You hit the jackal.
The jackal is severely wounded.
You block the jackal's attack.
The jackal bites you but does no damage.
You closely miss the jackal.
The jackal is severely wounded.
The jackal bites you but does no damage. x2
The jackal barely misses you.
You slash the jackal!
You kill the jackal!
Cheibriados thoroughly appreciates the change of pace.
You slash the jackal!
You kill the jackal!
Cheibriados appreciates the change of pace.
You barely miss the jackal. The jackal barely misses you.
The jackal bites you but does no damage.
You miss the jackal. The jackal bites you. You block the jackal's attack.
Are you sure you want to abandon this character and quit the game? (Confirm with "yes".)
Okay, then.
Are you sure you want to abandon this character and quit the game? (Confirm with "yes".)

####..................#
###......## #........
#........####......#
##...#......##..##.####
.....+.................
#######.....###.##....
P.#.P.P###.## #.## .
P.#PPP....#####..#
P.#PPPP.P.##.###@#
..#....P..PP##..h#
.._.P.......##....
P†#..P..P..P##.....
..#PP.P...## ......#
..#PP.....# ....#..#
..#P...###.#.... #.#
#######.# #.... ..
.....#..#


You could see a jackal.

Vanquished Creatures
  2 ball pythons (D:1)
  A bat (D:1)
  An endoplasm (D:1)
  A hobgoblin (D:1)
  3 jackals (D:1)
  3 quokkas (D:1)
  A frilled lizard (D:1)
  A kobold (D:1)
  2 rats (D:1)
15 creatures vanquished.

Vanquished Creatures (others)
  5 demonic plants (D:1)
  3 plants (D:1)
  3 withered plants (D:1)
11 creatures vanquished.

Grand Total: 26 creatures vanquished

Notes
Turn   | Place    | Note
-------+----------+-------------------------------------------
     0 | D:1      | mcbry74 the Hill Orc Fighter began the quest for the Orb.
     0 | D:1      | Reached XP level 1. HP: 19/19 MP: 1/1
   296 | D:1      | Found a faded altar of an unknown god.
   300 | D:1      | Reached XP level 2. HP: 27/27 MP: 2/2
   306 | D:1      | Prayed at the altar of an unknown god.
   306 | D:1      | Became a worshipper of Cheibriados the Contemplative
   306 | D:1      | Reached * piety under Cheibriados
   455 | D:1      | Quit the game

Illustrated notes

Levels and vault maps discovered:
D:1:      dpeg_arrival_boxorama, layout_basic, shapermc_ecumenical_altar_gd,
          minmay_misc_feat_x

Skill      XL: |  1 |
---------------+----+-----
Axes           | 3 |  3.4
Fighting       | |  3.8
Armour         | |  3.5
Shields        | |  3.5

Action                   || total
-------------------------++-------
Melee: War axe           ||    52
Armor: Scale mail        ||    48
Dodge: Dodged            ||    30
Block: Buckler           ||    11
